[Event "Early-Titled-Tuesday-Blitz-March-26-2024"]
[Site "Chess.com"]
[Date "2024.03.26"]
[Round "11"]
[White "Incognizance"]
[Black "BestestBP"]
[Result "0-1"]
[WhiteElo "1914"]
[BlackElo "2216"]
[TimeControl "180+1"]
[EndTime "10:06:04 PDT"]
[Termination "BestestBP won by checkmate"]

1. d4 Nf6 2. c4 d6 3. Nc3 g6 4. e4 Nbd7 5. h3 Bg7 6. Be3 O-O 7. Nf3 e5 8. d5 Ne8 9. g4 f5 10. gxf5 gxf5 11. exf5 Rxf5 12. Bd3 Rf8 13. Bxh7+ Kxh7 14.
Ng5+ Kg8 15. Qh5 Ndf6 16. Qg6 Qd7 17. h4 Qf5 18. Qxf5 Bxf5 19. O-O-O Nh7 20. Nge4 Nef6 21. Nxf6+ Nxf6 22. Rhg1 Kh7 23. Rg5 Bd7 24. Rdg1 Bh6 25. Rg6 Bxe3+ 26. fxe3 Rg8 27. R6g2 Rxg2 28. Rxg2 Rg8 29.
Rf2 Ng4 30. Rf7+ Rg7 31. Rf8 Nxe3 32. Rb8 b6 33. b3 a5 34. Rb7 Be8 35. Rb8 Re7 36.
Ne4 Ng4 37. Ng5+ Kg6 38. Ne6 Bd7 39. Rg8+ Kf5 40. Rg5+ Kf6 41. Rxg4 Bxe6 42. dxe6 Rxe6 43. h5 Re7 44. Rg6+ Kf5 45. Rg8 Rh7 46. Rc8 e4 47. Kd2 Ke5 48. Ke3 Rxh5 49. Rxc7 Rh3+ 50. Kd2 Kd4 51.
Rc6 Rh2+ 52. Kc1 Kc3 53. Kd1 e3 54. Ke1 Rxa2 55. Rxd6 Kxb3 56. Re6 e2 57. c5 bxc5 58. Rb6+ Kc4 59. Rh6 Rb2 60. Rh4+ Kb5 61. Rh3 a4 62. Rh6 a3 63. Rh8 Kc4 64. Rb8 a2 65. Rxb2 a1=Q+ 66. Rb1 Qxb1+ 67. Kf2 e1=Q+ 68. Kg2 Qg6+ 69. Kh3 Qh1# 0-1

[Event "Early-Titled-Tuesday-Blitz-March-26-2024"]
[Site "Chess.com"]
[Date "2024.03.26"]
[Round "11"]
[White "DrVelja"]
[Black "Gabrielian_Artur"]
[Result "1-0"]
[WhiteElo "3000"]
[BlackElo "2818"]
[TimeControl "180+1"]
[EndTime "10:06:09 PDT"]
[Termination "DrVelja won on time"]

1. e4 e5 2. Nf3 Nc6 3. Bb5 Nf6 4. d3 Bc5 5. c3 O-O 6. O-O d6 7. h3 h6 8. Re1 Bb6 9. Nbd2 Ne7 10. Nf1 Ng6 11. Ng3 c6 12. Ba4 Re8 13. d4 Be6 14.
Bc2 Qc7 15. Be3 Rad8 16. Qc1 Kh7 17. a4 exd4 18. Nxd4 d5 19. e5 Ne4 20. Nxe4 dxe4 21. Bxe4 Bd5 22. Bxd5 Rxd5 23. f4 Qd7 24. Qc2 Kg8 25. e6 Qc7 26. f5 Nh4 27. f6 gxf6 28. Qf2 Ng6 29. exf7+ Qxf7 30. Nf5 Rxf5 31. Qxf5 Rxe3 32.
Kh1 Ne5 33. a5 Rxe1+ 34. Rxe1 Bxa5 35. Rf1 Kg7 36. Rf4 Bc7 37. Rd4 h5 38. Rh4 Qg6 39.
Rxh5 Qxf5 40. Rxf5 b5 41. g4 Kg6 42. Kg2 a5 43. b3 a4 44. bxa4 bxa4 45. Rf4 a3 46.
Ra4 Bd6 47. Kf2 Nd3+ 48. Ke3 Nb2 49. Ra6 Bc5+ 50. Kd2 Kg5 51. Kc2 Nc4 52. Kb3 Nd2+ 53. Ka2 Ne4 54. Rxc6 Nxc3+ 55. Kb3 Ne4 56. Re6 Kf4 57.
h4 Nd2+ 58. Ka2 1-0

[Event "Early-Titled-Tuesday-Blitz-March-26-2024"]
[Site "Chess.com"]
[Date "2024.03.26"]
[Round "11"]
[White "babyking1205"]
[Black "Oleksandr_Bortnyk"]
[Result "0-1"]
[WhiteElo "2640"]
[BlackElo "3046"]
[TimeControl "180+1"]
[EndTime "10:06:10 PDT"]
[Termination "Oleksandr_Bortnyk won by resignation"]

1. e4 a6 2. d4 h6 3. Nc3 b6 4.
f4 Bb7 5. Nf3 g5 6. fxg5 hxg5 7.
Bxg5 Bh6 8. Qd2 Bxg5 9. Qxg5 e6 10. Qxd8+ Kxd8 11. O-O-O Nf6 12. Bd3 Nc6 13. Ng5 Ke7 14. Rhf1 Rag8 15. Nxf7 Rxh2 16. d5 Nb4 17. d6+ cxd6 18.
Nxd6 Kxd6 19. Bxa6+ Ke5 20. Bxb7 Rgxg2 21. Kb1 Rxc2 22.
a3 Rxb2+ 23. Ka1 Rb3 24. axb4 Rxc3 25. Rg1 Ra3+ 26. Kb1 Rb3+ 27. Ka1 Rxb4 28. Rg5+ Kf4 29. Rg7 Ra4+ 30. Kb1 Rf2 31. Rf7 Ke5 32. Rdxd7 Rb4+ 33. Kc1 Nxd7 34. Rxf2 Nc5 35. Rf7 Nxb7 36. Rxb7 Kxe4 37.
Kd2 e5 38. Rh7 Rd4+ 39. Ke2 b5 40. Rb7 b4 41. Rb5 Rc4 42. Rb8 Rc2+ 43. Kd1 Rc4 44.
Ke2 Rd4 45. Rb5 Kf4 46. Rb8 Kf5 47. Rb6 Rh4 48. Rb8 Rh2+ 49. Ke1 Rb2 50. Kd1 e4 51. Kc1 Rb3 52. Kc2 Rc3+ 53. Kd2 Rd3+ 54. Ke2 b3 55. Rf8+ Ke5 56. Rc8 b2 57. Rb8 Rh3 58. Rxb2 Rh2+ 59.
Ke3 Rh3+ 60. Ke2 Kf4 61. Rb8 Rh2+ 62. Ke1 Kf3 63. Kd1 Rh1+ 64. Kd2 e3+ 65. Kd3 Rd1+ 66.
Kc2 e2 67. Rf8+ Kg4 68. Rg8+ Kf5 0-1

[Event "Early-Titled-Tuesday-Blitz-March-26-2024"]
[Site "Chess.com"]
[Date "2024.03.26"]
[Round "11"]
[White "Aslanov_Umid"]
[Black "KevinGeorgeMicheal"]
[Result "1-0"]
[WhiteElo "2611"]
[BlackElo "2440"]
[TimeControl "180+1"]
[EndTime "10:06:10 PDT"]
[Termination "Aslanov_Umid won by resignation"]

1. e4 e5 2. Nf3 Nc6 3. Bc4 Bc5 4. O-O Nf6 5. d3 d6 6. c3 h6 7. a4 a6 8. Nbd2 Qe7 9. Re1 O-O 10. Nf1 Be6 11. Bb3 Rad8 12. Bc2 Ba7 13. h3 d5 14. Qe2 Rfe8 15. Ng3 Qd7 16. Kh2 Qd6 17. Nh4 Qc5 18. Kg1 d4 19. c4 a5 20. Qf3 Nh7 21. Ngf5 Qf8 22. Ng3 Ne7 23. Bd1 Ng6 24. Nhf5 Ne7 25. Qh5 Nf6 26. Qh4 Nh7 27. Bg4 Ng6 28. Qh5 Nf6 29.
Nxh6+ gxh6 30. Qxh6 Qxh6 31. Bxh6 Nxg4 32. hxg4 Bxg4 33.
f3 Be6 34. Nh5 Kh7 35. Bg5 Rc8 36. Nf6+ Kg7 37. Nxe8+ Rxe8 38. Kf2 f6 39. Bd2 b6 40. Rh1 c5 41. Rh6 Rh8 42. Rah1 Rxh6 43. Bxh6+ Kg8 44.
g3 Bb8 45. Bd2 Bd6 46. Kg2 f5 47. Rh5 fxe4 48. fxe4 Kf7 49. Rh7+ Kg8 50. Rb7 Bg4 51. Rxb6 Kf7 52. Rxd6 Be2 53. Ra6 Bxd3 54. Rxa5 Bxe4+ 55. Kf2 Bd3 56. Rxc5 e4 57. a5 Ne7 58. a6 e3+ 59.
Bxe3 dxe3+ 60. Kxe3 Bf5 61. a7 1-0

[Event "Early-Titled-Tuesday-Blitz-March-26-2024"]
[Site "Chess.com"]
[Date "2024.03.26"]
[Round "11"]
[White "RandomNoob04"]
[Black "Joachim100x"]
[Result "1-0"]
[WhiteElo "2675"]
[BlackElo "2538"]
[TimeControl "180+1"]
[EndTime "10:06:14 PDT"]
[Termination "RandomNoob04 won by resignation"]

1. e4 c5 2. d4 cxd4 3. c3 Nf6 4.
e5 Nd5 5. Nf3 e6 6. cxd4 d6 7.
Bc4 dxe5 8. dxe5 Nc6 9. O-O Be7 10. Qe2 O-O 11. Rd1 Qb6 12. Nc3 Nxc3 13. bxc3 Rd8 14. Be3 Qc7 15. Rxd8+ Qxd8 16. Rd1 Qc7 17. Qd3 h6 18. Qe4 Bf8 19. Bd3 g6 20. h4 Bg7 21.
Bf4 Ne7 22. h5 Qc6 23. Qe2 Nd5 24. Bd2 Ne7 25. hxg6 fxg6 26. Be4 Qe8 27. Be3 Nf5 28. Bc5 Bd7 29. Bxb7 Rb8 30. Be4 a5 31. Qd2 Bc6 32.
Bxc6 Qxc6 33. Bd6 Rd8 34. Nd4 Nxd4 35. cxd4 Ra8 36. Qd3 Kh7 37. d5 exd5 38. Qxd5 Qc2 39. e6 Re8 40. e7 Qf5 41. Qxf5 gxf5 42. Bc5 Kg6 43. Rd6+ Kf7 44. Ra6 Rc8 45. Rxa5 Bf6 46. g3 Rc7 47. Kg2 Rd7 48. Bb4 Bxe7 49. Bxe7 Kxe7 50.
Rxf5 Ra7 51. Rh5 Rxa2 52. Rxh6 Kf7 53. Rh4 Kg7 54. Rf4 Kg6 55. Rf3 Kg5 56. Re3 Ra4 57. Kf3 Ra5 58. Re4 Rf5+ 59. Ke3 Rb5 60. f3 Rb3+ 61.
Kf2 Rb2+ 62. Re2 Rb3 63. Re5+ Kf6 64. Ra5 Rc3 65. g4 Kg6 66. Kg3 Rc4 67. Ra6+ Kg5 68. f4+ Rxf4 69. Ra5+ 1-0

[Event "Early-Titled-Tuesday-Blitz-March-26-2024"]
[Site "Chess.com"]
[Date "2024.03.26"]
[Round "11"]
[White "WiktoriaPOL"]
[Black "iAspet"]
[Result "0-1"]
[WhiteElo "2301"]
[BlackElo "2482"]
[TimeControl "180+1"]
[EndTime "10:06:14 PDT"]
[Termination "iAspet won by checkmate"]

1. c4 g6 2. Nc3 Bg7 3. g3 e5 4. Bg2 d6 5. e3 Nc6 6. Nge2 Be6 7. d4 Bxc4 8. d5 Bxe2 9. Qxe2 Nce7 10. Qb5+ c6 11. dxc6 bxc6 12. Bxc6+ Nxc6 13. Qxc6+ Kf8 14. O-O Ne7 15. Qa6 Qb6 16. Qxb6 axb6 17. Rd1 Nc8 18. Nb5 Ke7 19. b3 e4 20. Nd4 Kd7 21. Bb2 Ne7 22. a4 Rhc8 23. Ba3 Be5 24. Rab1 Nd5 25. Nb5 Nc3 26. Nxd6 Rg8 27. Nb5+ Nxd1 28. Rxd1+ Ke6 29.
Bd6 Rgd8 30. Nc7+ Kf5 31. Nxa8 Rxa8 32. Bxe5 Kxe5 33. Rc1 Kd6 34. Rc4 f5 35. Kf1 Rb8 36. Ke2 b5 37. axb5 Rxb5 38. b4 Rd5 39. Rd4 Kc6 40.
Kd2 Rb5 41. Kc3 Rb8 42. Kc4 Ra8 43. b5+ Kc7 44. Kc5 Ra2 45. b6+ Kc8 46. Kc6 Rc2+ 47.
Kb5 Rb2+ 48. Rb4 Rxf2 49. Rc4+ Kb8 50. Kc6 Rd2 51. Rd4 Rxd4 52. exd4 e3 53. d5 e2 54. d6 e1=Q 55. d7 Qc3+ 56. Kd6 Qd4+ 57. Ke7 Qe5+ 58. Kf7 Qd5+ 59. Ke7 Qe5+ 60. Kf7 Qd6 61.
Ke8 Qe6+ 62. Kd8 Qxb6+ 63. Ke7 Qc5+ 64. Ke8 Qe5+ 65. Kf8 Kc7 66. Kf7 Kxd7 67. Kg8 Qe7 68. g4 f4 69. h4 f3 70. h5 f2 71. hxg6 hxg6 72. g5 f1=Q 73. Kh8 Qff8# 0-1

[Event "Early-Titled-Tuesday-Blitz-March-26-2024"]
[Site "Chess.com"]
[Date "2024.03.26"]
[Round "11"]
[White "rhwr"]
[Black "gorgeous1083"]
[Result "0-1"]
[WhiteElo "2302"]
[BlackElo "2076"]
[TimeControl "180+1"]
[EndTime "10:06:27 PDT"]
[Termination "gorgeous1083 won on time"]

1. e4 e6 2. Nf3 d5 3. e5 c5 4. b4 Nc6 5. b5 Nce7 6. c3 d4 7. Ba3 dxc3 8. Nxc3 b6 9. d4 Nf5 10. dxc5 Qxd1+ 11. Rxd1 Bxc5 12. Bxc5 bxc5 13. Ne4 Nge7 14. Nxc5 O-O 15. Bd3 Rb8 16. a4 Bb7 17.
Nd7 Rfd8 18. Nxb8 Rxb8 19. O-O Rc8 20. Bxf5 Nxf5 21. Rd7 Bxf3 22. gxf3 h5 23. Rfd1 Rc4 24. Rxa7 Nh4 25. Rb1 Nxf3+ 26. Kg2 Nh4+ 27. Kf1 Nf3 28. Rb2 Rc1+ 29. Kg2 Nh4+ 30. Kh3 g5 31. Rb3 Nf5 32.
Kg2 Nh4+ 33. Kh3 Nf5 34. f3 Rg1 35. Rb4 Kg7 36. b6 Rf1 37. Kg2 Ne3+ 38. Kg3 h4+ 39. Rxh4 gxh4+ 40. Kf4 Nd5+ 41. Ke4 Re1+ 42. Kd3 Nxb6 43.
a5 Nd5 44. Ra8 Ra1 45. a6 Rxa6 46. Kc4 Rc6+ 47. Kb5 Rc3 48. Ra4 Rxf3 49. Rxh4 Kf8 50. Rg4 Ke7 51. h4 Rb3+ 52. Kc6 Ne3 53. Rg3 Rc3+ 54.
Kb7 Nd5 55. h5 Rxg3 56. h6 Rh3 57. h7 Rh6 58. h8=Q Rxh8 59. Kc6 Rd8 60. Kc5 Rd7 61.
Kd4 Kd8 62. Ke4 Kc7 63. Kf3 Kc6 64. Kg4 Rb7 65. Kh5 Rb4 66. Kh6 Rf4 67. Kg7 Kc5 68.
Kf8 Kd4 69. Ke8 Kxe5 70. Kd7 Nf6+ 71. Kc6 Rd4 0-1

[Event "Early-Titled-Tuesday-Blitz-March-26-2024"]
[Site "Chess.com"]
[Date "2024.03.26"]
[Round "11"]
[White "RianKapriaga"]
[Black "Nf3c5"]
[Result "0-1"]
[WhiteElo "2358"]
[BlackElo "2544"]
[TimeControl "180+1"]
[EndTime "10:06:29 PDT"]
[Termination "Nf3c5 won on time"]

1. d4 Nf6 2. Nf3 g6 3. c4 Bg7 4. Nc3 d6 5. e4 O-O 6. Be2 Na6 7. O-O e5 8. h3 exd4 9. Nxd4 Re8 10. Bf3 Nc5 11.
Re1 a5 12. Bg5 h6 13. Bh4 c6 14. Bg3 Qe7 15. Qd2 Nfd7 16. Rad1 Ne5 17. Be2 g5 18. b3 Bd7 19. Nf3 Bf8 20. Nxe5 dxe5 21. Bg4 Rad8 22. Bxd7 Rxd7 23. Qc2 f6 24. f3 Ne6 25.
Bf2 Red8 26. Rxd7 Rxd7 27. Rd1 Qd8 28. Rxd7 Qxd7 29. Qd1 Qc7 30. Ne2 Bc5 31. Bxc5 Nxc5 32. Ng3 Qd7 33. Qxd7 Nxd7 34. Nf5 h5 35. Kf2 h4 36. Ke3 b6 37. Ne7+ Kf7 38. Nxc6 Ke6 39. a3 Kd6 40. Nd8 Nc5 41. b4 axb4 42. axb4 Nb3 43.
c5+ bxc5 44. bxc5+ Nxc5 45. Nf7+ Ke7 46. Nh6 Ne6 47.
Nf5+ Kd7 48. Kf2 Kc6 49. Ne3 Nf4 50. Ng4 Nh5 51. Ke3 Kd6 52. Kf2 Ke6 53. Ke3 Ng3 54. Kf2 Nh5 55. Ne3 Ng7 56. Ng4 Ne8 57. Ne3 Nc7 58. Ng4 Nb5 59. Ne3 Nc3 60. Nd5 Nxd5 61.
exd5+ Kxd5 62. Ke3 f5 63. Kd3 e4+ 64. fxe4+ fxe4+ 65. Ke3 Ke5 66. Ke2 Kf4 67. Kf2 e3+ 68. Ke2 Kg3 69.
Kxe3 Kxg2 0-1

[Event "Early-Titled-Tuesday-Blitz-March-26-2024"]
[Site "Chess.com"]
[Date "2024.03.26"]
[Round "11"]
[White "js20000"]
[Black "alexrustemov"]
[Result "1-0"]
[WhiteElo "2829"]
[BlackElo "2921"]
[TimeControl "180+1"]
[EndTime "10:06:30 PDT"]
[Termination "js20000 won by checkmate"]

1. d4 d5 2. c4 c6 3. Nc3 Nf6 4. cxd5 cxd5 5. Bf4 Nc6 6. e3 a6 7. Be2 b5 8. Nf3 Bb7 9. O-O e6 10. a4 b4 11. Na2 Be7 12. Nc1 Na5 13. Nd3 O-O 14.
Rc1 Rc8 15. Rxc8 Qxc8 16. Qe1 Nc6 17. Nfe5 a5 18. Qd2 Qa8 19. Rc1 Rc8 20. Nxc6 Rxc6 21. Ne5 Rc8 22. Bb5 Ne4 23. Qe1 Nd6 24. Bd7 Rxc1 25. Qxc1 g5 26. Bg3 Ne4 27. Qc7 Bd8 28. Qc2 Be7 29. f3 Nxg3 30. hxg3 Qd8 31. Bb5 Bd6 32.
Nxf7 Kxf7 33. Qxh7+ Kf6 34. Qxb7 Bxg3 35. Kf1 Qh8 36. Ke2 Qh2 37. Qc8 Qxg2+ 38. Kd3 Qf1+ 39.
Kc2 Qf2+ 40. Kb1 Qe1+ 41. Ka2 b3+ 42. Kxb3 Qb4+ 43. Ka2 Qe7 44. Qh8+ Qg7 45. Qd8+ Qe7 46. Qxa5 Bf2 47. Qa8 Bxe3 48. Qh8+ Qg7 49. Qxg7+ Kxg7 50.
Bd7 Kf6 51. b4 Ke7 52. Bc8 Bxd4 53. b5 Kd6 54. Kb3 e5 55. a5 g4 56. Bxg4 e4 57. fxe4 dxe4 58. Ka4 Bc3 59. Bf5 e3 60. Bd3 Kc5 61.
Be2 Bd2 62. b6 Kc6 63. Bf3+ Kd7 64. Kb5 Kd6 65. a6 e2 66. Bxe2 Be3 67. a7 Bxb6 68. Kxb6 Ke5 69. a8=Q Kd4 70. Qf3 Ke5 71. Qg4 Kd5 72.
Qf4 Ke6 73. Qg5 Kd6 74. Qf5 Ke7 75. Qg6 Kd7 76. Qf6 Ke8 77. Qg7 Kd8 78. Bh5 Kc8 79.
Qc7# 1-0

[Event "Early-Titled-Tuesday-Blitz-March-26-2024"]
[Site "Chess.com"]
[Date "2024.03.26"]
[Round "11"]
[White "Agibileg"]
[Black "Iball95"]
[Result "0-1"]
[WhiteElo "2763"]
[BlackElo "2887"]
[TimeControl "180+1"]
[EndTime "10:06:39 PDT"]
[Termination "Iball95 won by checkmate"]

1. d4 d5 2. c4 e6 3. Nc3 c5 4. e3 Nf6 5. Nf3 Nc6 6. a3 Ne4 7. Bd3 Nxc3 8. bxc3 Qc7 9. cxd5 exd5 10. O-O Bd6 11. e4 dxe4 12. Bxe4 O-O 13. dxc5 Bxc5 14. Qd5 Be7 15. Qh5 g6 16. Qh6 Re8 17. Ng5 Bxg5 18.
Bxg5 f5 19. Bf3 Be6 20. Rfe1 Bc4 21. Bf6 Ne5 22. Qf4 Nxf3+ 23. Qxf3 Qf7 24. Bd4 Bd5 25. Qf4 a6 26. h4 Rac8 27. h5 gxh5 28. Rab1 Qg6 29. f3 h4 30. Re5 h3 31. g3 Bc6 32. Rbe1 h6 33. Kh2 Qg5 34. Rxe8+ Rxe8 35. Rxe8+ Bxe8 36. Qe5 Bc6 37. Qe6+ Kf8 38. f4 Qg4 39. Bc5+ Kg7 40. Bd4+ Kf8 41. Bc5+ Kg7 42. Qe7+ Kg8 43. Qe6+ Kh7 44. Qf7+ Qg7 45. Qxf5+ Kg8 46. Qe6+ Kh7 47.
Qxh3 Qxc3 48. Qf5+ Kg8 49. Qf8+ Kh7 50. Qf5+ Kg8 51.
Qe6+ Kh7 52. Qf7+ Qg7 53. Qf5+ Qg6 54. Qe5 Qc2+ 55. Kh3 Qg2+ 56. Kg4 Qf3+ 57. Kh4 Qh1+ 58. Kg4 Bf3+ 59. Kf5 Qh5+ 60. Ke6 Qg6+ 61. Kd7 Qc6+ 62. Ke7 Bg4 63. Bd4 Qd7+ 64. Kf6 Qg7# 0-1

[Event "Early-Titled-Tuesday-Blitz-March-26-2024"]
[Site "Chess.com"]
[Date "2024.03.26"]
[Round "11"]
[White "Irina_Mikhaylova"]
[Black "Midgardsormur"]
[Result "1/2-1/2"]
[WhiteElo "2344"]
[BlackElo "2447"]
[TimeControl "180+1"]
[EndTime "10:06:43 PDT"]
[Termination "Game drawn by repetition"]

1. d4 Nf6 2. Nf3 e6 3. c4 b6 4.
a3 Bb7 5. Nc3 d5 6. cxd5 Nxd5 7.
Bd2 c5 8. dxc5 Bxc5 9. Qc2 O-O 10. e4 Nxc3 11. Bxc3 Nc6 12. Rd1 Qc7 13. b4 Bd6 14.
Qb2 f6 15. Bc4 Rae8 16. O-O Ne5 17. Nxe5 Bxe5 18. Bxe5 Qxc4 19. Bd6 Qxe4 20. f3 Qe3+ 21. Qf2 Qxf2+ 22. Kxf2 Rf7 23. Rd2 Rd7 24. Rfd1 Red8 25. Bf4 Rxd2+ 26. Rxd2 Rxd2+ 27. Bxd2 Kf7 28. f4 Ke7 29. g4 Kd6 30. g5 fxg5 31. fxg5 Kd5 32. Bc3 g6 33. Ke3 Kc4 34. Bb2 Kb3 35. Bc1 Kc2 36. Bd2 Bd5 37. a4 Kb3 38. a5 bxa5 39. bxa5 Kc2 40. Bb4 a6 41. Bc5 Kc3 42. Bb6 Kc4 43.
Kf4 Kd3 44. h4 Ke2 45. Kg3 Bc6 46. Bc5 Kf1 47. Bb6 Ke2 48. Bc5 Bd7 49. Kf4 Kf1 50. Ke5 Kg2 51. Kf6 Kh3 52. Ke7 Bc8 53. Kd8 Bb7 54.
Kc7 Bd5 55. Kb6 Bc4 56. Bf2 Kg2 57. Be1 e5 58. Kc5 Bb5 59. Kd5 Kf1 60. Bc3 Kf2 61.
Kxe5 Kg3 62. Kf6 Kxh4 63. Bd2 Bd3 64. Kg7 Kg4 65. Kxh7 Kf3 66. Kh6 Ke2 67. Bb4 Kd1 68.
Bc5 Kc2 69. Bb6 Kb3 70. Kg7 Ka4 71. Kf6 Kb5 72. Bc7 Kc6 73. Bb6 Kd5 74. Bc7 Kc6 75. Bb6 Kd5 76. Bc7 Kc6 1/2-1/2

[Event "Early-Titled-Tuesday-Blitz-March-26-2024"]
[Site "Chess.com"]
[Date "2024.03.26"]
[Round "11"]
[White "Chessmissile07"]
[Black "wqws"]
[Result "0-1"]
[WhiteElo "2893"]
[BlackElo "2753"]
[TimeControl "180+1"]
[EndTime "10:06:51 PDT"]
[Termination "wqws won by checkmate"]

1. a3 e5 2. c4 Nf6 3. Nc3 Nc6 4. g3 Bc5 5. Bg2 a5 6. e3 d6 7. Nge2 h5 8. d4 Ba7 9. h3 Bf5 10. d5 Ne7 11. e4 Bd7 12. Qd3 h4 13. g4 Ng6 14.
Be3 Qb8 15. O-O-O Bxe3+ 16. Qxe3 Qa7 17. Qxa7 Rxa7 18. Kd2 O-O 19. Ke3 Rb8 20. a4 Be8 21. Nb5 Bxb5 22. cxb5 Nd7 23. Rc1 Nc5 24. Rc4 Nf8 25. Ra1 Nfd7 26. Rc3 Nb6 27. b3 c6 28. dxc6 bxc6 29. Rd1 cxb5 30. Rxd6 Nxb3 31. Rxb6 Rxb6 32. Rxb3 b4 33. Nc3 Rc6 34. Nd5 Rc2 35. Bf1 Ra2 36.
Bb5 Rc2 37. Rd3 Kh7 38. Rd2 Rc1 39. Ke2 Ra8 40. Nb6 Ra7 41. Nc4 f6 42. Rd1 Rc3 43. Rd3 Rc2+ 44. Rd2 Rc1 45. Rd1 Rc3 46. f3 Rc7 47.
Nxa5 b3 48. Rb1 Rc2+ 49. Kd1 b2 50. Nc4 Rh2 51. Rxb2 Rxh3 52. Ke2 Rh2+ 53. Kf1 Rxb2 54. Nxb2 Rc1+ 55. Kg2 Rc2+ 56. Kh3 Rxb2 57. Kxh4 Ra2 58. Be8 g5+ 59. Kg3 Kg7 60. Bb5 Kf8 61. Bc6 Ke7 62. Bb5 Kd6 63. Be8 Kc5 64. Bb5 Kd4 65. Be8 Ke3 66. Bb5 Ra3 67. Kg2 Kf4 68. Kf2 Rxf3+ 69.
Ke2 Ra3 70. Bc6 Kxg4 71. Kd2 Kf4 72. Kc2 g4 73. Kb2 Rh3 74. a5 g3 75. a6 g2 76.
a7 Rh8 77. a8=Q Rxa8 78. Bxa8 g1=Q 79. Bd5 Qd4+ 80. Ka2 Qxe4 81. Bb3 Qd3 82. Kb2 e4 83. Bc2 Qd4+ 84. Ka2 e3 85. Bb3 e2 86. Bc2 e1=Q 87.
Bb1 Qa5+ 88. Kb3 Qaa4# 0-1

[Event "Early-Titled-Tuesday-Blitz-March-26-2024"]
[Site "Chess.com"]
[Date "2024.03.26"]
[Round "11"]
[White "wonderfultime"]
[Black "SpeedofLight0"]
[Result "1/2-1/2"]
[WhiteElo "3007"]
[BlackElo "3071"]
[TimeControl "180+1"]
[EndTime "10:06:54 PDT"]
[Termination "Game drawn - insufficient material"]

1. d4 d6 2. e4 g6 3. Nf3 Bg7 4. Bc4 Nc6 5. O-O Nf6 6. Re1 O-O 7. Nbd2 e5 8. dxe5 Nxe5 9. Nxe5 dxe5 10. c3 Qe7 11. a4 Rd8 12. Qc2 Bh6 13. Nf1 Bxc1 14. Raxc1 Be6 15. Ne3 Bxc4 16. Nxc4 Qc5 17. Ne3 Qc6 18. f3 Qb6 19. Kh1 Rd7 20. Nc4 Qe6 21. b3 Rad8 22. Rcd1 h5 23. h4 Kg7 24. Rxd7 Rxd7 25. Qf2 a6 26. Qc5 Re7 27. Rd1 b6 28. Qf2 b5 29. axb5 axb5 30. Na5 Rd7 31. Rxd7 Nxd7 32. b4 Qd6 33. Kh2 Qd3 34. Qe1 Nb6 35. Qc1 Qe2 36. Kg3 Na4 37. Nc6 f6 38. Ne7 Nb2 39.
Nd5 Nd3 40. Qg1 c6 41. Qa7+ Kh6 42. Qe3+ Qxe3 43. Nxe3 Kg7 44. Kh2 Kf7 45. Kg1 g5 46. hxg5 fxg5 47. Kf1 h4 48. Ke2 Nf4+ 49. Kf2 Ke6 50.
Ng4 Nd3+ 51. Ke2 Nb2 52. Nf2 Na4 53. Kd3 Nb2+ 54. Ke2 Nc4 55. Nh3 Kf6 56. Nf2 Nb6 57. Nd1 Nd7 58. Ne3 Nf8 59. Kf2 Ng6 60. c4 bxc4 61. Nxc4 Nf4 62. Na5 Nd3+ 63. Ke3 Nxb4 64. Kd2 c5 65. Nb7 Na6 66. Kd3 g4 67. fxg4 Kg5 68.
Ke3 Kxg4 69. Nd6 Nb4 70. Nc4 Nc6 71. Nd2 Kg3 72. Nf3 c4 73. Kd2 Nd4 74. Nxe5 Kxg2 75.
Ng6 h3 76. Nf4+ Kf3 77. Nxh3 Kxe4 78. Kc3 Kd5 79. Nf4+ Kc5 80. Nd3+ Kd5 81. Nf4+ Kc5 82. Nd3+ cxd3 83. Kxd3 1/2-1/2

[Event "Early-Titled-Tuesday-Blitz-March-26-2024"]
[Site "Chess.com"]
[Date "2024.03.26"]
[Round "11"]
[White "Adar_07"]
[Black "tetrix83"]
[Result "1/2-1/2"]
[WhiteElo "2770"]
[BlackElo "2623"]
[TimeControl "180+1"]
[EndTime "10:06:57 PDT"]
[Termination "Game drawn - insufficient material"]

1. d4 Nf6 2. Bf4 c5 3. e3 g6 4. c3 Qb6 5. Qb3 Bg7 6. Nd2 O-O 7. Nc4 Qc6 8. Nf3 d6 9. Be2 Nbd7 10. O-O b6 11. Rfd1 Bb7 12. Bg3 Ne4 13. Ne1 Nxg3 14. hxg3 d5 15. Na3 e5 16. dxe5 Nxe5 17. Nf3 Ng4 18. Nh2 Nf6 19. Bf3 Qc7 20. Nb5 Qe7 21.
Ng4 Ne4 22. Bxe4 dxe4 23. Nd6 Bc6 24. Rd2 h5 25. Nh2 Rad8 26. Rad1 Rd7 27. Nf1 Rfd8 28. Nb5 Rxd2 29. Nxd2 Qd7 30. Na3 Ba4 31. Qc4 Bxd1 32. Nxe4 Bg4 33. Ng5 Be6 34. Qa6 Bxa2 35. c4 Bxb2 36.
Kh2 Bxa3 37. Ne4 Bb2 38. Qxa2 Bg7 39. Qa6 Re8 40. Ng5 Bf6 41. Nh3 Qd2 42. Qxa7 Qb2 43. Qd7 Rd8 44. Qc6 Kg7 45. Qc7 Rd1 46. Nf4 Be5 47. Ne6+ Kf6 48. Qc8 Qb1 49. Qh8+ Ke7 50. Qf8+ Kxe6 51. Qe8+ Kf6 52. Qh8+ Kf5 53. Qc8+ Kf6 54.
Qh8+ Ke6 55. Qe8+ Kd6 56. Qd8+ Kc6 57. Qe8+ Kc7 58. Qxe5+ Kb7 59. Qe7+ Ka6 60. g4 Rh1+ 61. Kg3 h4+ 62. Kf3 Qd1+ 63. Kf4 Qd3 64. Qxf7 Rf1 65. Kg5 Qd2 66. Qg8 Ka5 67. Qa8+ Kb4 68. Qc6 Rxf2 69.
Qxb6+ Kxc4 70. Qa6+ Kc3 71. Qa5+ Kd3 72. Qb5+ Kxe3 73.
Qxc5+ Ke2+ 74. Kxh4 Qe3 75. Qc2+ Kf1 76. Qxg6 Kxg2 77.
Qc6+ Qf3 78. Qc4 Qg3+ 79. Kg5 Qf3 80. Kh4 Qf6+ 81. Kh5 Qf7+ 82. Qxf7 Rxf7 83. g5 Kg3 84. g6 Rb7 85. Kh6 Kg4 86. g7 Rb6+ 87. Kh7 Rb7 88. Kh8 Rxg7 89. Kxg7 1/2-1/2

[Event "Early-Titled-Tuesday-Blitz-March-26-2024"]
[Site "Chess.com"]
[Date "2024.03.26"]
[Round "11"]
[White "Szparu"]
[Black "ChainedDowntohell"]
[Result "1-0"]
[WhiteElo "2825"]
[BlackElo "2547"]
[TimeControl "180+1"]
[EndTime "10:07:04 PDT"]
[Termination "Szparu won on time"]

1. d4 e6 2. e4 b6 3. Bd3 Bb7 4. f4 f5 5. exf5 exf5 6. Nf3 Nf6 7. Bxf5 Qe7+ 8. Qe2 Bxf3 9. gxf3 Nc6 10. c3 g6 11. Bd3 Bh6 12. Qxe7+ Nxe7 13. Nd2 Nfd5 14. Nc4 Bxf4 15. Bxf4 Nxf4 16. Bc2 O-O 17. Kd2 Nf5 18.
Raf1 Rae8 19. Ne5 Re7 20. Re1 Nh4 21. Rhf1 d6 22. Nd3 Rxe1 23. Nxe1 Re8 24. Bd1 Kg7 25. Nc2 Nhg2 26. Rf2 Kf6 27. Nb4 a5 28. Na6 Re7 29. b4 axb4 30. Nxb4 c5 31. Nc6 Rc7 32. Ba4 Nh4 33.
Rf1 Rc8 34. Rb1 Ra8 35. Bb3 g5 36. Rf1 b5 37. c4 bxc4 38. Bxc4 cxd4 39. Bb3 Nf5 40.
a4 Ra6 41. Rc1 Rb6 42. Bd1 Rb2+ 43. Rc2 Rb1 44. a5 Ra1 45. Rc1 Ra3 46. Rc2 Ra1 47. Rb2 Ne3 48. Bb3 Nf1+ 49. Kc2 d3+ 50. Kc3 Ne3 51. Kd4 Nf5+ 52. Kc3 Ne3 53. a6 Rxa6 54. Nb4 Ra1 55. Kd4 Nf5+ 56. Kc3 Rc1+ 57. Kd2 Rh1 58. Kc3 Rc1+ 59. Kd2 Rh1 60. Kc3 Nh4 61. Nd5+ Nxd5+ 62. Bxd5 Nf5 63. Kxd3 Rg1 64. Be4 h5 65. Rb7 Ne7 66. Rb6 Ke5 67. Ke3 d5 68. Bd3 d4+ 69. Kf2 Rd1 70. Rb5+ Kf4 71. Be2 Rd2 72. Ke1 Ra2 73. Rb4 Nf5 74. Bd3 Ne3 75. Rxd4+ Kxf3 76. Be4+ Kf4 77. Bb1+ Ke5 78. Re4+ Kd5 79. Rxe3 Ra1 80. Rb3 Ke5 81. Kf2 h4 82. h3 g4 83. hxg4 Kf4 84. Rb4+ Kg5 85. Bf5 Ra2+ 86. Ke3 Ra3+ 87. Bd3 h3 88. Rb2 Kxg4 89. Kd4 Kf4 90. Rf2+ Kg3 91.
Rf8 Ra4+ 92. Ke3 1-0

[Event "Early-Titled-Tuesday-Blitz-March-26-2024"]
[Site "Chess.com"]
[Date "2024.03.26"]
[Round "11"]
[White "imdvb6307"]
[Black "FlemingA"]
[Result "1-0"]
[WhiteElo "2522"]
[BlackElo "2442"]
[TimeControl "180+1"]
[EndTime "10:07:07 PDT"]
[Termination "imdvb6307 won by resignation"]

1. d4 d6 2. Nf3 g6 3. c4 Bg7 4. e4 c5 5. h3 Nc6 6. d5 Nd4 7. Nc3 Nxf3+ 8. Qxf3 Nf6 9. Bf4 O-O 10.
Qe3 Re8 11. O-O-O e6 12. dxe6 Bxe6 13. Bxd6 Qa5 14. Qxc5 Qxc5 15. Bxc5 Rec8 16. Bd4 Bxc4 17. Bxc4 Rxc4 18. Kb1 Re8 19. f3 a6 20. Rhe1 b5 21. Rd3 b4 22. Bxf6 Bxf6 23. Nd5 Bg7 24. Rc1 Rxc1+ 25. Kxc1 a5 26. Kc2 Rc8+ 27. Kb3 Rc1 28.
Rd2 h5 29. Nb6 Bf8 30. Rc2 Ra1 31. Nc4 a4+ 32. Kxa4 Rxa2+ 33. Kb3 Ra1 34. Ne3 Ra8 35. Nd5 Rb8 36. Rc4 Kg7 37. Nxb4 Rd8 38. Kc2 Rb8 39. Nd5 h4 40. b4 Bd6 41. Rc6 Bxb4 42. e5 Bf8 43. Kd3 Re8 44. Kd4 Be7 45. Rc7 Bg5 46. f4 Bh6 47. Rd7 Re6 48. Ke4 Ra6 49. Nc3 Kg8 50.
Rd2 Bf8 51. Rf2 Bb4 52. Nd5 Bc5 53. Rc2 Ra4+ 54. Kf3 Ra3+ 55. Kg4 Bf8 56. Kxh4 Ra5 57. Ne3 Ra4 58. Kg3 Ra3 59. Re2 Bc5 60. Kf3 Kg7 61. Ke4 Ra4+ 62. Kd5 Be7 63. g3 Ra5+ 64. Ke4 Ra4+ 65.
Kf3 Bc5 66. Kg4 Re4 67. Kf3 Ra4 68. f5 Kh6 69. fxg6 fxg6 70. Ng4+ Kg7 71. e6 Ra3+ 72.
Kg2 Be7 73. h4 Ra4 74. Rf2 Rxg4 75. Rf7+ Kh6 76. Rxe7 Re4 77. Re8 Kg7 78. Kf3 Re1 79. Kg4 Kf6 80. Rf8+ Kg7 81. Rf7+ Kg8 82. Rf6 Kg7 83.
Rf7+ Kg8 84. Re7 Re5 85. Kf4 Rf5+ 86. Ke4 Rf1 87. g4 Rh1 88. Kf4 Rxh4 89. Kg5 Rh1 90.
Kxg6 Rf1 91. Re8+ Rf8 92. Rxf8+ Kxf8 93. Kf6 Ke8 94. e7 Kd7 95. Kf7 Kd6 96. e8=Q 1-0